 Dungeon Crawl Stone Soup version 0.28.0-53-g5a82cb258f (webtiles) character file.

Game seed: 1247461751047320949

11227 issech the Protected (level 11, -9/85 HPs)
             Began as a Minotaur Monk on June 9, 2022.
             Was a Priest of Hepliaklqana.
             Mangled by a skeletal warrior
             ... wielding a +1 trident of protection
             ... led by a skeletal warrior
              (14 damage)
             ... on level 11 of the Dungeon.
             The game lasted 01:11:26 (19103 turns).

issech the Protected (Minotaur Monk)               Turns: 19103, Time: 01:11:27

Health: -9/85      AC: 18    Str: 16    XL:     11   Next: 46%
Magic:  0/10       EV:  8    Int:  7    God:    Hepliaklqana [***...]
Gold:   606        SH:  6    Dex: 17    Spells: 10/10 levels left

rFire   + . .      SeeInvis .   M - +7 broad axe (flame)
rCold   + . .      Faith    .   x - +0 buckler
rNeg    . . .      Spirit   +   T - +0 plate armour
rPois   .          Reflect  .   (helmet restricted)
rElec   .          Harm     .   r - scarf {rC+ rF+}
rCorr   .          Rampage  .   v - +0 pair of gloves
Will    .....                   h - +0 pair of boots
Stlth   ..........              p - amulet of guardian spirit
HPRegen 0.24/turn               (no ring)
MPRegen 0.12/turn               (no ring)

@: studying Shields
A: reduced essence, horns 2, retaliatory headbutt
a: Renounce Religion, Recall Ancestor, Ancestor Identity, Transference


You were on level 11 of the Dungeon.
You worshipped Hepliaklqana.
Hepliaklqana was most pleased with you.
You visited 2 branches of the dungeon, and saw 12 of its levels.
You also visited: Bailey.

You collected 606 gold pieces.

Inventory:

Hand Weapons
 d - a +0 hand crossbow
 i - a +4 dagger of chaos
 m - a +1 dagger of protection
 n - a +0 short sword of venom
 z - a +4 hand axe
 M - a +7 broad axe of flaming (weapon)
 Q - a +2 dagger of venom
 U - a +0 glaive
Missiles
 c - 216 arrows
 k - 10 boomerangs (quivered)
 l - 55 poisoned darts
 o - 254 stones
 G - 80 bolts
 S - 26 javelins
 V - 5 curare-tipped darts
 Z - 30 sling bullets
Armour
 h - a +0 pair of boots (worn)
 r - a scarf of resistance (worn)
 t - a scarf of resistance
 u - a +2 robe of the Archmagi
 v - a +0 pair of gloves (worn)
 x - a +0 buckler (worn)
 C - an orb of light
 O - +0 steam dragon scales
 T - a +0 plate armour (worn)
 X - a +1 robe of willpower
Jewellery
 p - an amulet of guardian spirit (around neck)
 Y - a ring of ice
Wands
 a - a wand of iceblast (7)
Scrolls
 j - 7 scrolls of teleportation
 q - 2 scrolls of amnesia
 s - a scroll of holy word
 H - a scroll of blinking {unknown}
 I - a scroll of noise {unknown}
 J - 3 scrolls of torment {unknown}
 K - a scroll of fear {unknown}
 N - a scroll of fog {unknown}
Potions
 b - a potion of degeneration {unknown}
 e - 3 potions of attraction {unknown}
 f - a potion of resistance {unknown}
 g - a potion of berserk rage {unknown}
 A - a potion of flight {unknown}
 B - 2 potions of heal wounds {unknown}
 E - 3 potions of lignification {unknown}
 L - 12 potions of ambrosia
 P - 4 potions of curing {unknown}
 W - 3 potions of magic {unknown}


   Skills:
 + Level 8.7 Fighting
 + Level 7.5 Short Blades
 + Level 7.1 Axes
 + Level 6.1 Throwing
 + Level 12.4 Armour
 + Level 6.7 Dodging
 + Level 3.7 Stealth
 + Level 7.3 Shields


You had 10 spell levels left.
You didn't know any spells.
Your spell library contained the following spells:

 Spells                   Type           Power      Damage    Failure   Level
 Animate Skeleton         Necr           0%         N/A       100%        1
 Apportation              Tloc           0%         N/A       100%        1
 Magic Dart               Conj           0%         1d3       100%        1
 Shock                    Conj/Air       0%         1d3       100%        1
 Summon Small Mammal      Summ           0%         N/A       100%        1
 Call Imp                 Summ           0%         N/A       100%        2
 Mephitic Cloud           Conj/Pois/Air  0%         N/A       100%        3
 Ozocubu's Armour         Ice            0%         N/A       100%        3
 Swiftness                Air            0%         N/A       100%        3
 Airstrike                Air            0%         N/A       100%        4
 Olgreb's Toxic Radiance  Pois           0%         N/A       100%        4
 Alistair's Intoxication  Tmut/Pois      0%         N/A       100%        5
 Blade Hands              Tmut           0%         N/A       100%        5
 Irradiate                Conj/Tmut      0%         3d13      100%        5
 Summon Forest            Summ/Tloc      0%         N/A       100%        5
 Summon Mana Viper        Hex/Summ       0%         N/A       100%        5
 Summon Cactus Giant      Summ           0%         N/A       100%        6
 Dragon Form              Tmut           0%         N/A       100%        7
 Ozocubu's Refrigeration  Ice            0%         4d5       100%        7
 Ignition                 Fire           0%         3d3       100%        8


Dungeon Overview and Level Annotations

Branches:
Dungeon (11/15)            Temple (1/1) D:7            Lair (0/6) D:10
    Orc (0/2) D:9          Bailey (visited)

Altars:
Ashenzari
Cheibriados
Dithmenos
Elyvilon
Fedhas
Gozag
Hepliaklqana
Kikubaaqudgha
Makhleb
Nemelex Xobeh
Okawaru
Qazlal
Ru
Sif Muna
Trog
Uskayaw
Vehumet
Wu Jian
Xom
Yredelemnul
Zin
The Shining One
Beogh

Shops:
D:5 [   D:7 ?

Annotations:
D:3 Pikel
D:9 exclusion: obsidian statue


Innate Abilities, Weirdness & Mutations

Your life essence is reduced to manifest your ancestor. (-10% HP)
You have a pair of horns on your head.
You reflexively headbutt those who attack you in melee.


Message History

There is a stone staircase leading up here.
You climb upwards.
There is a stone staircase leading down here.
You start waiting.
Mirna emerges from the mists of memory!
You see here a +0 short sword.
There is a stone staircase leading down here.
You climb downwards.
You block the skeletal warrior's attack.
There is a stone staircase leading up here.
You throw a boomerang.
The boomerang hits the skeletal warrior but does no damage.
You block the skeletal warrior's attack.
You throw a boomerang.
The boomerang hits the skeletal warrior but does no damage.
The skeletal warrior hits you from afar with a +1 trident of protection!
You throw a boomerang.
The boomerang closely misses the skeletal warrior.
The skeletal warrior hits you from afar with a +1 trident of protection!
Mirna closely misses the skeletal warrior.
You throw a boomerang.
The boomerang barely misses the skeletal warrior.
The skeletal warrior hits you from afar with a +1 trident of protection!
Mirna gestures at the skeletal warrior while chanting.
The stone arrow hits the skeletal warrior but does no damage.
The skeletal warrior hits you with a +1 trident of protection!!
Mirna barely misses the skeletal warrior.
You hit the skeletal warrior but do no damage.
You headbutt the skeletal warrior, but do no damage.
The skeletal warrior closely misses you.
Mirna closely misses the skeletal warrior.
You closely miss the skeletal warrior.
The skeletal warrior hits you with a +1 trident of protection!!
* * * LOW HITPOINT WARNING * * *
Mirna hits the skeletal warrior with a +0 quarterstaff!
The skeletal warrior hits you with a +1 trident of protection!
* * * LOW HITPOINT WARNING * * *
Mirna hits the skeletal warrior but does no damage.
The skeletal warrior hits you from afar with a +1 trident of protection!
You die...

##.# ##.##
##...# ##....#
##.....##
#.......##
##z.......#
##.R.....#..#
#@.......##..#
##.......##
#.# #........#
#.#
###........#
..#
#..........#
..
###......###
##....##
######


You could see the friendly Mirna the battlemage and a skeletal warrior (ally
target).

Vanquished Creatures
  A skeletal warrior (D:8)
  Maggie (D:9)
  A troll (D:10)
  A hornet (D:8)
  Sigmund (D:5)
  A vampire (D:10)
  Eustachio (D:6)
  A vampire mosquito (D:10)
  A water moccasin (D:8)
  Duvessa (D:5)
  An ice beast (D:6)
  9 orc warriors
  2 necrophages
  A sky beast (D:5)
  2 ogres
  4 centaurs
  A lemure (D:4)
  2 kobold brigands
  2 bullfrogs
  2 scorpions
  Dowan (D:5)
  A water moccasin skeleton (D:6)
  15 killer bees
  An electric eel (D:7)
  A howler monkey (D:9)
  A bullfrog zombie (D:6)
  A centaur zombie (D:10)
  A hound (D:4)
  9 orc priests
  11 orc wizards
  A hound zombie (D:5)
  A hound skeleton (D:5)
  Robin (D:2)
  10 adders
  A gnoll (D:9)
  A shadow imp (D:5)
  2 white imps (D:5)
  2 worms
  5 dart slugs
  50 orcs
  5 ball pythons
  8 bats
  6 endoplasms
  4 giant cockroaches
  4 hobgoblins
  9 jackals
  13 kobolds
  4 quokkas
  6 frilled lizards
  21 goblins
  6 rats
238 creatures vanquished.

Vanquished Creatures (collateral kills)
  A two-headed ogre (D:9)
  2 skeletal warriors (D:10)
  Psyche (D:8)
  A queen bee (D:9)
  A hornet (D:10)
  3 vampire mosquitoes (D:10)
  An acid dragon (D:9)
  A water moccasin (D:9)
  6 orc warriors
  9 centaurs
  2 kobold brigands
  A bullfrog (D:8)
  A wyvern skeleton (D:7)
  13 killer bees (D:9)
  A howler monkey (D:9)
  A gnoll shaman (D:9)
  2 centaur zombies
  3 orc priests (D:9)
  An orc wizard (D:9)
  A killer bee zombie (D:7)
  A howler monkey zombie (D:8)
  3 gnolls (D:9)
  A white imp (D:8)
  19 orcs
  9 kobolds
85 creatures vanquished.

Vanquished Creatures (others)
  A wizard (D:5)
  An orc wizard (D:3)
  11 battlemagi
13 creatures vanquished.

Grand Total: 336 creatures vanquished

Notes
Turn   | Place    | Note
-------+----------+-------------------------------------------
     0 | D:1      | issech the Minotaur Monk began the quest for the Orb.
     0 | D:1      | Reached XP level 1. HP: 19/19 MP: 0/0
   201 | D:1      | Reached XP level 2. HP: 27/27 MP: 1/1
   368 | D:1      | Found a faded altar of an unknown god.
   586 | D:2      | Noticed Robin
   622 | D:2      | Reached XP level 3. HP: 13/33 MP: 2/2
  1062 | D:2      | Killed Robin
  1296 | D:2      | Reached XP level 4. HP: 40/40 MP: 3/3
  1309 | D:2      | Noticed a necrophage
  1323 | D:2      | Killed a necrophage
  1324 | D:2      | Reached skill level 1 in Short Blades
  1324 | D:2      | Reached XP level 5. HP: 36/47 MP: 4/4
  1796 | D:3      | You fall into a shaft and drop 1 floor!
  1796 | D:4      | Noticed Pikel
  1796 | D:4      | Noticed a lemure
  1796 | D:4      | Noticed a lemure
  1796 | D:4      | Noticed a lemure
  1800 | D:4      | Noticed a lemure
  2161 | D:3      | Reached skill level 5 in Dodging
  2172 | D:3      | Reached skill level 1 in Armour
  2172 | D:3      | Reached XP level 6. HP: 14/55 MP: 5/5
  2947 | D:3      | Reached skill level 2 in Armour
  3205 | D:3      | Reached skill level 5 in Axes
  3813 | D:4      | Reached skill level 5 in Fighting
  3818 | D:4      | Reached skill level 1 in Shields
  4171 | D:4      | Found an ornate altar of the Wu Jian Council.
  4196 | D:4      | Found an iron altar of Okawaru.
  4350 | D:4      | Found a broken altar of Ashenzari.
  4398 | D:5      | Entered Level 5 of the Dungeon
  4434 | D:5      | Found a burning altar of Makhleb.
  4470 | D:5      | Noticed Sigmund
  5317 | D:5      | Reached XP level 7. HP: 12/61 MP: 6/6
  5701 | D:5      | Killed Sigmund
  5702 | D:5      | Reached skill level 3 in Armour
  5788 | D:5      | Reached skill level 4 in Armour
  6203 | D:5      | Reached skill level 5 in Armour
  6455 | D:5      | Found Kealoifrep's Antique Armour Boutique.
  6502 | D:5      | Found a bloodstained altar of Trog.
  6506 | D:5      | Noticed a wizard
  6511 | D:5      | Killed a wizard
  6691 | D:5      | Found a stormy altar of Qazlal.
  6999 | D:5      | Reached XP level 8. HP: 69/69 MP: 7/7
  7145 | D:6      | Noticed Eustachio
  7230 | D:6      | Found a sparkling altar of Nemelex Xobeh.
  7674 | D:6      | Reached skill level 6 in Armour
  7840 | D:6      | Noticed Dowan
  7842 | D:6      | Noticed Duvessa
  8218 | D:5      | Reached skill level 5 in Short Blades
  8287 | D:5      | Killed Duvessa
  8293 | D:5      | Killed Dowan
  8628 | D:6      | Reached skill level 7 in Armour
  8935 | D:6      | Killed Eustachio
  8936 | D:6      | Reached skill level 1 in Throwing
  9038 | D:6      | Noticed a cyclops
  9081 | D:7      | Found a white marble altar of Elyvilon.
  9115 | D:7      | Reached XP level 9. HP: 26/78 MP: 8/8
  9209 | D:7      | Found a flagged portal.
  9210 | D:7      | Found a staircase to the Ecumenical Temple.
  9234 | Temple   | Entered the Ecumenical Temple
  9237 | Temple   | Became a worshipper of Hepliaklqana the Forgotten
  9237 | Temple   | Reached * piety under Hepliaklqana
  9237 | Temple   | Reached ** piety under Hepliaklqana
  9238 | Temple   | Remembered your ancestor Mirna as a battlemage
  9260 | Bailey   | Entered a bailey
  9946 | Bailey   | Reached skill level 8 in Armour
 11510 | D:7      | Reached skill level 5 in Throwing
 11563 | D:7      | Found a shimmering blue altar of Sif Muna.
 11585 | D:7      | Reached skill level 9 in Armour
 11585 | D:7      | Reached XP level 10. HP: 77/77 MP: 9/9
 11740 | D:7      | Found Videxups's Magic Scroll Shoppe.
 12214 | D:8      | Found a glowing silver altar of Zin.
 12864 | D:8      | Noticed Psyche
 12874 | D:8      | Killed Psyche
 13449 | D:9      | Found a staircase to the Orcish Mines.
 13472 | D:9      | Reached skill level 5 in Shields
 13787 | D:8      | Reached skill level 10 in Armour
 14013 | D:9      | Noticed an obsidian statue
 14016 | D:9      | Noticed a rust devil
 14909 | D:9      | Reached skill level 11 in Armour
 15761 | D:9      | Noticed Maggie
 15771 | D:9      | Killed Maggie
 15772 | D:9      | Reached XP level 11. HP: 71/84 MP: 6/10
 15977 | D:10     | Entered Level 10 of the Dungeon
 15977 | D:10     | Reached *** piety under Hepliaklqana
 16427 | D:10     | Found a staircase to the Lair.
 16482 | D:10     | Noticed a skeletal warrior
 16486 | D:10     | Noticed a skeletal warrior
 16487 | D:10     | Noticed a skeletal warrior
 16487 | D:10     | Killed a skeletal warrior
 16531 | D:10     | Noticed a two-headed ogre
 16973 | D:9      | Killed a two-headed ogre
 17743 | D:10     | Killed a skeletal warrior
 17744 | D:10     | Reached skill level 12 in Armour
 18635 | D:8      | Killed a skeletal warrior
 19020 | D:11     | Noticed a skeletal warrior
 19027 | D:11     | Noticed a skeletal warrior
 19102 | D:11     | HP: 4/85 [skeletal warrior/+1 trident of protection[a
                  | skeletal warrior] (11)]
 19103 | D:11     | Mangled by a skeletal warrior

Illustrated notes

Levels and vault maps discovered:
D:1:      amcnicky_arrival_choice, layout_rooms,
          dreamdust_ecumenical_altar_statues
D:2:      layout_basic, uniq_robin
D:3:      layout_basic, grunt_ministairs_14, minmay_quantized
D:4:      layout_rooms, mainiacjoe_overflow_chevrons, mainiacjoe_overflow_swirl,
          uniq_pikel
D:5:      layout_cave_pods, mainiacjoe_overflow_alcove_2,
          nicolae_qazlal_scattered_showers, trog_wizard, serial_shops, shop,
          feat_on_display, uniq_sigmund
D:6:      layout_rooms, nicolae_overflow_crystal_walls, uniq_eustachio,
          uniq_duvessa
D:7:      layout_basic, tgw_sif, mainiacjoe_overflow_catwalk,
          minmay_temple_entry_butterflies, serial_shops, shop, enter_bailey_3,
          lightli_minifort
D:8:      layout_loops_ring, lemuel_crystal_altar, uniq_psyche
D:9:      layout_roguey [special_room_bee], david_orc_5,
          minmay_protected_statue, uniq_maggie
D:10:     layout_loops_cross, lair_entry_dummy
D:11:     layout_cave_pods, uniq_nergalle
Temple:   nicolae_temple_hex_pool

Skill      XL: |  1  2  3  4  5  6  7  8  9 10 11 |
---------------+----------------------------------+-----
Fighting       | 4 5 6 7 8 |  8.7
Axes           | 4 5 7 |  7.1
Dodging        | 4 5 6 |  6.7
Short Blades   | 1 2 3 5 6 7 |  7.5
Stealth        | 2 3 |  3.7
Armour         | 1 2 5 7 9 11 12 | 12.4
Shields        | 1 2 4 6 7 |  7.3
Throwing       | 1 5 6 |  6.1

Action                   |  1- 3 |  4- 6 |  7- 9 | 10-12 || total
-------------------------+-------+-------+-------+-------++-------
Melee: Hand axe          |    66 |    68 |       |       ||   134
       Headbutt          |    17 |    58 |   107 |    95 ||   277
       Dagger            |    31 |   189 |   433 |   370 ||  1023
       Punch             |     1 |     1 |       |       ||     2
       Broad axe         |       |       |       |    53 ||    53
Throw: Boomerang         |       |       |    93 |    25 ||   118
Invok: Ancestor Life: Ba |       |       |     1 |       ||     1
Evoke: Wand              |       |       |       |     2 ||     2
  Use: Scroll            |       |       |     4 |    11 ||    15
       Potion            |       |       |       |     3 ||     3
 Stab: Distracted        |       |       |     2 |     4 ||     6
Armor: Robe              |    22 |     2 |       |       ||    24
       Leather armour    |       |    28 |       |       ||    28
       Scale mail        |       |    29 |       |       ||    29
       Chain mail        |       |    81 |   264 |       ||   345
       Plate armour      |       |       |    72 |   276 ||   348
Dodge: Dodged            |    54 |   161 |   203 |   160 ||   578
Block: Buckler           |       |     7 |    90 |   115 ||   212
